[Event "93rd German Championship 2022"]
[Site "Magdeburg"]
[Date "2022.08.18"]
[Round "7.9"]
[White "Dahl, Christoph"]
[Black "Langheinrich, Ferenc"]
[Result "1/2-1/2"]
[ECO "B32"]
[WhiteElo "2355"]
[BlackElo "2357"]
[Annotator "TA"]
[PlyCount "82"]
[EventDate "2022.08.14"]
[EventType "swiss"]
[EventCountry "GER"]
[SourceTitle "playchess.com"]
[Source "ChessBase"]
[SourceQuality "1"]
[TimeControl "40/5400+30:1800+30"]

1. e4 c5 2. Nf3 Nc6 3. d4 cxd4 4. Nxd4 e5 5. Nb5 d6 6. N1c3 a6 7. Na3 Be6 8. Nc4 Rc8 {[%emt 0:03:00] 8...Rb8 is the modern continuation.} 9. Nd5 {[%emt 0:06:18] B32: Sicilian: Löwenthal and Kalashnikov Variations.} Qh4 {[%emt 0:23:14] [#]} 10. Bd3 $146 ({Predecessor:} 10. Nce3 Qxe4 11. Bd3 Qd4 12. c3 Qc5 13. b4 Qa7 14. O-O Nge7 15. Be4 Nxd5 16. Nxd5 f5 {1-0 (42) Schabata,W (2148)-Zapfel,P (1946) ICCF email 2008}) 10... Bxd5 11. exd5 {[%emt 0:00:22] White is slightly better.} Nb4 12. Ne3 {[%emt 0:04:36] [#] And now Be2 would win.} Nxd3+ 13. Qxd3 Nf6 14. O-O Ng4 15. Nxg4 Qxg4 16. f4 f6 17. Be3 Be7 18. fxe5 fxe5 19. h3 Qg6 20. Rf5 Bf6 (20... Kd7 {with more complications.} 21. Raf1 Rhf8 22. a4 Rxf5 23. Rxf5 Rf8) 21. Raf1 O-O 22. Qb3 b5 23. a4 e4 24. axb5 axb5 25. c3 Qg3 26. Bf2 Qd3 {[%emt 0:02:37] [#] Hoping for ...e3.} 27. Rd1 Qe2 28. Re1 Qd3 {[%emt 0:00:14][%cal Oe4e3] Threatens to win with ...e3!} (28... Qd2 {seems wilder.} 29. Qxb5 g6 30. Rxf6 Rxf6 31. Bg3 Qd3) 29. Rd1 $1 Qc4 30. Qxc4 Rxc4 31. Rf1 b4 (31... Re8 {feels hotter.} 32. Bg3 b4 33. Bxd6 bxc3 34. bxc3 Rxc3 35. Re1 Bd4+) 32. Bh4 $1 {[%emt 0:01:58][%cal Rh4f6] The position is equal.} bxc3 33. bxc3 Rxc3 {[%emt 0:02:31] White must now prevent ...Bd4+.} 34. Bxf6 Rxf6 35. Rxf6 gxf6 36. Rxf6 $11 {[%emt 0:00:05][%mdl 4096] Endgame KR-KR} e3 37. Kf1 Rc2 38. Rxd6 Rf2+ 39. Kg1 Rd2 {[%emt 0:00:07] aiming for ...Rd1+.} 40. Re6 Rxd5 41. Rxe3 Kg7 {[%emt 0:30:10] Weighted Error Value: White=0.04 (flawless) /Black=0.07 (flawless)} 1/2-1/2

[Event "93rd German Championship 2022"]
[Site "Magdeburg"]
[Date "2022.08.18"]
[Round "7.10"]
[White "Parvanyan, Alfred"]
[Black "Bethke, Richard"]
[Result "0-1"]
[ECO "A06"]
[WhiteElo "2126"]
[BlackElo "2381"]
[Annotator "TA"]
[PlyCount "124"]
[EventDate "2022.08.14"]
[EventType "swiss"]
[EventCountry "GER"]
[SourceTitle "playchess.com"]
[Source "ChessBase"]
[SourceQuality "1"]
[TimeControl "40/5400+30:1800+30"]

1. Nf3 d5 2. g3 Nd7 3. d4 b5 4. Bg2 Bb7 5. O-O e6 6. c3 {[%emt 0:02:44][%cal Oe2e4] [#] D02: 1 d4 d5 2 Nf3 sidelines, including 2...Nf6 3 g3 and 2...Nf6 3 Bf4.} a5 $146 ({Predecessor:} 6... c5 7. a4 b4 8. dxc5 Bxc5 9. cxb4 Bxb4 10. Qd4 Bf8 11. b4 Be7 12. Ra2 Bf6 {0-1 (51) Pigusov,E (2555)-Postny,E (2605) Moscow 2019}) 7. e4 dxe4 8. Ng5 {[%emt 0:01:21] The position is equal.} Ngf6 {[%emt 0:03:06] Against Qh5} 9. Qe2 c5 10. Nxe4 ({But not} 10. Qxb5 Ba6 11. Qa4 Bxf1 12. Kxf1 cxd4 13. Nxe4 Rc8 14. Qxd4 Be7 $17) 10... Nxe4 11. Bxe4 Qb6 12. Na3 Bxe4 13. Qxe4 Rc8 14. Qe2 c4 15. Nc2 Qc6 16. f4 g6 {[%emt 0:08:25] [#]} (16... f5 $11) 17. f5 $1 $16 Bg7 18. fxe6 Qxe6 19. Qxe6+ fxe6 20. Bf4 (20. Bd2 $16) 20... O-O $11 21. Rfe1 Rfe8 22. Na3 e5 $1 23. dxe5 b4 24. e6 Nf8 25. Nb5 {[%emt 0:01:36] aiming for e7.} Rxe6 26. Rxe6 Nxe6 27. Bd6 Ng5 28. Bc7 ({White should play} 28. Rc1 $15) 28... Ne4 $17 29. Rc1 bxc3 30. bxc3 {[%emt 0:00:16] [#]} Nxc3 $1 31. Nxc3 {[%emt 0:00:28] Strongly threatening Nb5.} Rxc7 {[%emt 0:00:16][%mdl 4096] Endgame KRB-KRN} 32. a4 $2 (32. Kf2 $17) 32... h5 33. Kf2 Kh7 34. Kf3 g5 35. Ke4 Rc5 ({Black should try} 35... Kg6 36. Kd5 Rc8) 36. h3 Kg6 37. g4 h4 38. Rc2 (38. Ke3 $17) 38... Kf7 (38... Rc8 $19 {Hoping for ...Rd8.} 39. Rc1 Re8+ 40. Kf3 Bd4) 39. Nd5 $2 (39. Ke3 $17 {was the only chance.}) 39... c3 $19 40. Ne3 {[%emt 0:00:12] Inhibits Rc4+.} Ke6 {[%emt 0:00:48] White must now prevent ...Rc8.} 41. Nf5 $2 (41. Kd3) 41... Bf6 42. Nd4+ $2 (42. Ne3 $19 Rc6 43. Kd3) 42... Bxd4 {[%emt 0:00:57] Black mates.} 43. Kxd4 {[%emt 0:00:05] KR-KR} Kd6 44. Ke4 Rc4+ 45. Kd3 Kd5 46. Ke3 Rc6 47. Kd3 Rc5 48. Rxc3 Rxc3+ 49. Kxc3 {[%emt 0:00:04] K3P-K3P} Kc5 50. Kd3 Kb4 51. Ke4 Kxa4 {[%emt 0:00:04] K3P-KPP} 52. Kf5 Kb5 53. Kxg5 a4 54. Kxh4 {[%emt 0:01:03] KPP-KP} a3 55. g5 a2 56. Kh5 a1=Q 57. h4 Qh8+ 58. Kg4 Kc5 59. h5 Kd5 60. h6 Ke5 61. Kh5 Kf5 62. g6 Qf6 {[%emt 0:00:05] Weighted Error Value: White=0.32/Black=0.12 (very precise)} 0-1

[Event "93rd German Championship 2022"]
[Site "Magdeburg"]
[Date "2022.08.18"]
[Round "7.11"]
[White "Colpe, Malte"]
[Black "Schulz, Lukas"]
[Result "0-1"]
[ECO "E69"]
[WhiteElo "2369"]
[BlackElo "2272"]
[Annotator "TA"]
[PlyCount "64"]
[EventDate "2022.08.14"]
[EventType "swiss"]
[EventCountry "GER"]
[SourceTitle "playchess.com"]
[Source "ChessBase"]
[SourceQuality "1"]
[TimeControl "40/5400+30:1800+30"]

1. d4 Nf6 2. c4 g6 3. Nc3 Bg7 4. Nf3 O-O 5. g3 d6 6. Bg2 Nbd7 7. O-O e5 8. e4 c6 9. h3 Qe7 10. Re1 Ne8 {[%emt 0:04:26] 10...h6 is the hot move.} 11. b3 f5 {[%emt 0:09:43] [#] E69: King's Indian: Fianchetto: 6...Nbd7 7 0-0 e5 8 e4 c6 9 h3.} 12. dxe5 $146 (12. Bg5 $16 Qf7 13. exf5) ({Predecessor:} 12. exf5 gxf5 13. Bf4 e4 14. Qd2 Qf7 15. Nh2 Ndf6 16. Bh6 d5 17. cxd5 cxd5 18. Rac1 Bd7 19. Nf1 {1-0 (59) Bukal,V (2441)-Muse,D (2413) Pula 2001}) 12... dxe5 $14 13. a4 (13. Bg5 $14 Qe6 14. Bd8) 13... Qf6 {[%emt 0:03:11] The position is equal.} (13... Nc5 {is more complex.} 14. exf5 Bxf5 15. Ba3 Nc7) 14. Ra2 {[%emt 0:09:48] next exf5 is good for White.} f4 (14... Nc7 $11 {keeps the balance.}) 15. gxf4 $16 Nc7 16. Rd2 $36 {[%emt 0:06:44][%mdl 2048] White is in control.} Qe7 17. f5 Nf6 18. Bb2 Nh5 19. Ne2 gxf5 20. exf5 Bxf5 {[%emt 0:00:04] [#]} (20... e4 $16 {was called for.}) 21. Nxe5 (21. Ned4 $1 $18 Bg6 (21... Ne6 22. Nxf5) 22. Nxe5 $1) 21... Bxh3 (21... Bxe5 $2 22. Ng3 (22. Nc1 Qg5 $14) 22... Nxg3 23. Bxe5 $18) (21... Rae8 $16) 22. Bxh3 $18 ({Much less strong is} 22. Ng3 Nxg3 23. Bxh3 Qh4 $18) 22... Qh4 {[%emt 0:00:06] Prevents Ng3.} (22... Bxe5 $2 23. Ng3 Nf4 24. Qg4+ Qg7 25. Bxe5 $18) 23. Rd3 {[%emt 0:05:51][%cal Oe2g3] Black must now prevent Ng3!} Rae8 $2 (23... Nf4 $2 24. Nxf4 Rad8 25. Qg4 $1 Qxg4+ 26. Bxg4 $18) (23... Rxf2 24. Rf1 Raf8) 24. f4 $2 ({White must play} 24. Ng3 $18 Nf4 25. Bf5 Nxd3 26. Qxd3 (26. Nxd3 Bxb2 27. Nxb2 Qg5 $18)) 24... Ne6 $1 $11 (24... Nxf4 $2 25. Nxf4 Rxf4 26. Qd2 $18) 25. Bxe6+ (25. Bg2 $11 Nexf4 26. Nxf4 Nxf4 27. Rd2) 25... Rxe6 $15 {[%emt 0:00:02] Really sharp!} 26. Nd4 $2 {[%emt 0:01:36][%mdl 8192] [#]} (26. Qd2 $15) 26... Rxf4 $1 27. Ndf3 {[%emt 0:01:40] [#]} (27. Rd2 Rxe5) 27... Qg3+ (27... Rg6+ $1 {mates} 28. Ng4 Rgxg4+ 29. Kf1 Ng3+ 30. Kg2 Ne4+ 31. Kf1 Qf2#) 28. Kf1 $4 (28. Kh1 $18 {was the only winning move.} Rh4+ 29. Nxh4 Qxh4+ 30. Kg1) 28... Qh3+ $19 29. Kf2 {[%emt 0:00:30] Rd8+ is the strong threat.} Qg3+ (29... Qh2+ $142 $1 30. Ke3 {[#]} Re4+ $3 31. Kxe4 Qf4#) 30. Kf1 {[%emt 0:00:34] And now Re2 would win.} Qh3+ (30... Qh2 $19 31. Ree3 Ng3+ 32. Ke1 Qxb2 33. Rd8+ Bf8) 31. Kf2 $1 {[%emt 0:00:11] Hoping for Rd8+.} Qh2+ $1 {[%emt 0:00:39][%mdl 64] Skewer} 32. Ke3 {[%emt 0:00:22] [#]} Re4+ $3 {[%emt 0:00:12][%mdl 576] Decoy, Clearance.  Weighted Error Value: White=1.12/Black=1.27} 0-1

[Event "93rd German Championship 2022"]
[Site "Magdeburg"]
[Date "2022.08.18"]
[Round "7.12"]
[White "Kunin, Vitaly"]
[Black "Malek, Daniel"]
[Result "1-0"]
[ECO "E21"]
[WhiteElo "2528"]
[BlackElo "2355"]
[Annotator "TA"]
[PlyCount "117"]
[EventDate "2022.08.14"]
[EventType "swiss"]
[EventCountry "GER"]
[SourceTitle "playchess.com"]
[Source "ChessBase"]
[SourceQuality "1"]
[TimeControl "40/5400+30:1800+30"]

1. d4 Nf6 2. c4 e6 3. Nc3 Bb4 4. Nf3 d5 5. Qa4+ Nc6 6. e3 O-O 7. Bd2 dxc4 {[%emt 0:03:46] D38: Queen's Gambit Declined: Ragozin Defence (4 Nf3 Bb4).} 8. Bxc4 Bd6 9. h3 e5 {[%emt 0:00:26] The position is equal.} 10. d5 Ne7 11. e4 {[%emt 0:00:33] Against Bf5} a6 12. Qc2 {[%emt 0:00:21] [#]} Ng6 $146 ({Predecessor:} 12... Bd7 13. O-O h6 14. Be3 Ng6 15. Ne2 Nh5 16. Ng3 Nhf4 17. Nf5 Qf6 18. Rfd1 Bxf5 19. exf5 {0-1 (48) Jianu,V (2527)-Gavrilescu,D (2512) Bucharest 2022}) 13. Bd3 Bd7 14. Qb3 Qe7 15. O-O (15. Qxb7 $2 Rfb8 16. Qb3 Rxb3 $19) 15... h6 16. Rfe1 $1 (16. Qxb7 $2 Rfb8 17. Qb3 Rxb3 $19) 16... Nh5 17. Ne2 (17. Qxb7 $2 Rfb8 18. Bxa6 Rxb7 19. Bxb7 Rb8 $19) 17... Nh4 {[%emt 0:03:55] White must now prevent ...Nxf3+.} 18. Nxh4 (18. Qxb7 $2 Nxf3+ 19. gxf3 Rfb8 20. Qxa8 Rxa8 $19) 18... Qxh4 19. Bc2 (19. Qxb7 $2 Rfb8 20. Qxa8 Rxa8 $19) 19... Kh8 (19... f5 {is more appropriate.}) 20. g4 ({But not} 20. Qxb7 $2 Rfb8 21. Qxa8 Rxa8 $19) 20... Nf6 (20... Nf4 {seems wilder.} 21. Nxf4 exf4 22. e5 Bc5) 21. Qg3 Qxg3+ 22. Nxg3 c6 23. dxc6 Bxc6 24. Rad1 Bc5 25. Bc3 Rfe8 26. Kg2 Nh7 27. Nf5 f6 28. b4 Bb6 29. a4 (29. h4 {feels hotter.} Nf8 30. g5 Ng6 31. gxf6 gxf6 32. Rd6) 29... Bc7 (29... Ng5 {with more complications.} 30. Nd6 Re7 31. Bb3 Ne6) 30. h4 Rad8 31. Rxd8 Rxd8 32. Ne7 Be8 {[%emt 0:00:08] Prevents Ng6+.} 33. Bb3 Nf8 34. Nd5 Bb8 35. g5 fxg5 36. hxg5 h5 37. Rh1 (37. b5 $5) 37... Ne6 38. Bd1 Kh7 39. g6+ Bxg6 40. Bxh5 Nf4+ (40... Bxh5 $11 41. Rxh5+ Kg6) 41. Nxf4 $16 exf4 42. Bd1+ Kg8 43. Bb3+ Bf7 44. Bxf7+ Kxf7 {[%emt 0:00:00][%mdl 4096] Endgame [#] KRB-KRB} 45. Rh7 $1 Rg8 46. Kf3 Kg6 47. Rh1 {[%emt 0:00:00] aiming for Rd1.} Kf7 48. Rh7 (48. Rh5 $16) 48... Kg6 $1 $14 49. Rh1 ({White should try} 49. Rh3 $14) 49... Kf7 $1 $16 50. Rh5 Ke6 (50... Ba7 $16) 51. b5 $18 g6 {[%emt 0:00:00] [#]} 52. Rh7 (52. Rg5 $1 $18) 52... Rc8 $16 53. Ba5 {[%emt 0:00:00] White is more active.} Rc4 $2 {[%emt 0:00:00][%mdl 8192] This move loses the game for Black.} (53... b6 $16 {is more resistant.}) 54. Rxb7 $18 Rxa4 55. Rb6+ ({Not} 55. Rxb8 Rxa5 56. b6 (56. Kxf4 Rxb5 57. Rd8 g5+ 58. Kg4 a5 $11) 56... Rb5 $16) 55... Kf7 $2 (55... Bd6) 56. Rxb8 {[%emt 0:03:43][%cal Ob5b6] And now b6! would win.} Rxa5 57. b6 Rb5 58. b7 {[%emt 0:00:09] Threatening mate with Rh8.} Kg7 {[%emt 0:00:00] Prevents Rh8.} 59. e5 {[%emt 0:00:09] Weighted Error Value: White=0.09 (flawless) /Black=0.38} 1-0

[Event "93rd German Championship 2022"]
[Site "Magdeburg"]
[Date "2022.08.18"]
[Round "7.13"]
[White "Boder, Jan"]
[Black "Keller, Peter"]
[Result "1/2-1/2"]
[ECO "A00"]
[WhiteElo "2315"]
[BlackElo "2377"]
[Annotator "TA"]
[PlyCount "155"]
[EventDate "2022.08.14"]
[EventType "swiss"]
[EventCountry "GER"]
[SourceTitle "playchess.com"]
[Source "ChessBase"]
[SourceQuality "1"]
[TimeControl "40/5400+30:1800+30"]

1. g3 Nf6 2. d4 e6 3. c4 d5 4. Nf3 Bb4+ 5. Bd2 Bd6 6. Bg2 {[%emt 0:00:46] E01: Catalan: Early deviations.} O-O 7. Nc3 c6 8. Qc2 Nbd7 9. e4 Nxe4 10. Nxe4 dxe4 11. Qxe4 e5 12. O-O (12. Nxe5 Nxe5 13. dxe5 Bxe5 $1 $15) 12... Nf6 13. Qh4 {[%emt 0:10:43] [#]} e4 $146 ({Predecessor:} 13... exd4 14. Nxd4 Be5 15. Bc3 Ng4 16. Qxd8 Rxd8 17. Rad1 Bxd4 18. Bxd4 Be6 19. b3 Nf6 20. Bxa7 Rxd1 21. Rxd1 {0-1 (45) Matviishen,V (2476)-Bolourchifard,F (2240) Chess.com INT 2018}) 14. Ng5 Bf5 15. Rae1 Re8 {[%emt 0:00:14] ...h6 is the strong threat.} 16. f3 $1 Bc5 17. dxc5 Qxd2 18. fxe4 {[%emt 0:00:06] Strongly threatening Nf3. The board is on fire.} Qd4+ 19. Kh1 Bg6 20. e5 $1 Ng4 {[%emt 0:03:47] Threatens to win with ...Nf2+.} 21. Ne4 {[%emt 0:08:53] [#] Prevents Nf2+.} (21. e6 $11 fxe6 22. Nf3 (22. Rxe6 $2 Rxe6 23. Nf3 Qxc4 $19) (22. Nxe6 $2 Nf2+ 23. Rxf2 Qxf2 $19) 22... Nf2+ 23. Kg1 Nh3+ 24. Kh1 Nf2+ 25. Kg1 Nh3+ 26. Kh1 Nf2+) 21... Bxe4 $2 (21... f5 $1 $17 22. h3 fxe4 23. Qxg4 Rxe5) 22. Bxe4 $11 Nf2+ 23. Kg2 $1 Nxe4 24. Rxe4 Qxb2+ 25. Rf2 Qc3 26. Qh5 Re7 27. e6 f6 28. Qf5 Rae8 29. Rfe2 g6 30. Qf4 Kg7 31. h4 h5 32. Qd6 Qc1 (32... f5 $11 33. Rd4 Qc1) 33. Qd4 $14 Rf8 $2 (33... Kg8 $16 {might work better.}) 34. Qd6 $2 (34. Rf4 $18) 34... Rfe8 35. Qd4 (35. Qd3 $5 ) 35... Qh6 (35... Rf8 $1 $11 {and Black has nothing to worry.}) 36. Kh2 $2 (36. Rf2 $18 Kg8 37. Rxf6 (37. Qxf6 Qg7 $16)) 36... Qh8 $11 {[%emt 0:00:22] The position is equal.} 37. Rf4 Qf8 38. Rfe4 Kh7 39. Qe3 f5 40. Re5 Qf6 41. Rd2 Kg7 42. Rd6 f4 43. Qxf4 Qxf4 44. gxf4 {[%emt 0:00:05][%mdl 4096] Endgame KRR-KRR} Kf6 45. Kg3 Rxe6 (45... a6 {keeps more tension.} 46. a4 a5 47. Rg5 Rxe6 48. f5 Rxd6 49. Rxg6+ Kxf5 50. Rg5+ Ke6) 46. Kf3 b6 47. cxb6 Rxd6 48. Rxe8 {[%emt 0:00:04] Threatening mate with b7.} axb6 {[%emt 0:00:03] KR-KR} 49. Rb8 c5 50. Rf8+ Kg7 51. Rb8 Re6 52. a4 Rd6 53. Ke3 Kf6 54. Ra8 Rd4 55. Ra6 Kf5 56. Rxb6 Rxc4 57. Rc6 Rc3+ 58. Kf2 Rc4 59. Kg3 Rc3+ (59... Rxf4 60. Rxc5+ Ke4 61. Rc4+ Ke5 62. Rxf4 Kd5 63. a5 Ke6 64. a6) 60. Kf2 c4 61. a5 Rc2+ 62. Kf3 Rc3+ 63. Kf2 Ra3 64. Rxc4 Rxa5 65. Rc6 Ra4 66. Kg3 Ra3+ (66... Rxf4 {leads to mate.} 67. Rc5+ Ke4 68. Rc4+ Ke5 69. Rxf4 Ke6 70. Ra4 Kf6 71. Ra6+ Kf5 72. Rc6) 67. Kg2 Re3 68. Ra6 Re4 69. Kg3 Re3+ (69... Rxf4 {is a self mate.} 70. Ra5+ Ke4 71. Ra4+ Kf5 72. Rxf4+ Ke5 73. Ra4 Kf6 74. Ra6+ Kf5 75. Rc6) 70. Kg2 Re6 71. Rxe6 Kxe6 {[%emt 0:00:03] KPP-KPP} 72. Kf2 Kd5 {[%emt 0:00:47] ( -> ...Ke4)} (72... Kf5 $5 73. Kf3 Kf6 $11) 73. Ke3 Ke6 74. Ke4 Kf6 75. Ke3 $1 Ke6 (75... Kf5 $5 76. Kf3 Kf6 $11) 76. Ke4 Kf6 77. Ke3 Ke6 (77... Kf5 $5 78. Kf3 Kf6 $11) 78. Ke4 {Weighted Error Value: White=0.27 (precise) /Black=0.26 (precise)} 1/2-1/2

[Event "93rd German Championship 2022"]
[Site "Magdeburg"]
[Date "2022.08.18"]
[Round "7.14"]
[White "Feuerstack, Aljoscha"]
[Black "Dobrikov, Marco"]
[Result "1/2-1/2"]
[ECO "B22"]
[WhiteElo "2473"]
[BlackElo "2223"]
[Annotator "TA"]
[PlyCount "129"]
[EventDate "2022.08.14"]
[EventType "swiss"]
[EventCountry "GER"]
[SourceTitle "playchess.com"]
[Source "ChessBase"]
[SourceQuality "1"]
[TimeControl "40/5400+30:1800+30"]

1. e4 c5 2. c3 Nf6 3. e5 Nd5 4. Nf3 Nc6 5. Bc4 Nb6 6. Bb3 d5 7. exd6 Qxd6 8. O-O {[%emt 0:00:08] B22: Sicilian: 2 c3.} Be6 9. Bxe6 Qxe6 10. a4 Qd7 11. a5 Nd5 12. a6 b6 13. d4 cxd4 14. Nxd4 {[%emt 0:00:12] Nb5 is the strong threat.} e6 15. Qg4 Nxd4 16. Qxd4 {[%emt 0:00:20] [#]} Nf6 $146 ({Predecessor:} 16... Bc5 17. Qxg7 O-O-O 18. Qg3 Rhg8 19. Qf3 Qc6 20. Nd2 f5 21. Nb3 Rg4 22. h3 Re4 23. Nxc5 Qxc5 {1-0 (51) Yudin,S (2507)-Al Sayed,M (2484) St Petersburg 2018}) 17. Be3 Bc5 18. Qe5 Bxe3 19. Qxe3 O-O 20. Na3 {[%emt 0:09:16] Inhibits Qb5.} Rfd8 21. h3 Qc6 22. Rfd1 h6 23. Rd4 Rd5 24. c4 (24. Nc2 $11) 24... Rxd4 $17 ({Reject} 24... Rg5 $6 25. g3 $11) 25. Qxd4 Qa4 26. Rd1 Qxa6 27. Rd3 Qb7 28. b4 a5 29. b5 (29. bxa5 $17 {keeps fighting.} bxa5 30. Qc3) 29... Qc7 (29... Ne4 $19 30. Qe3 a4) 30. Qd6 Rc8 31. Qxc7 Rxc7 {[%emt 0:00:01][%mdl 4096] Endgame KRN-KRN} 32. Rd8+ Kh7 33. Rd6 Nd7 34. c5 bxc5 35. Nc4 Rb7 36. Nxa5 Rxb5 37. Rxd7 {[%emt 0:00:03] [#] Threatens to win with Nc4.} Rxa5 38. Rxf7 $15 {[%emt 0:00:04] KR-KR} Kg6 39. Rc7 Ra1+ 40. Kh2 Rc1 41. Kg3 c4 42. Kf3 c3 43. Ke2 Kf6 44. Kd3 {[%emt 0:02:17] Prevents c2. The position is equal.} Rh1 45. Ke2 Rg1 46. g3 Rc1 47. Kd3 g5 48. Rxc3 Rh1 49. Ke4 Rxh3 50. Rc1 h5 ({But not} 50... Rh2 51. Rc8 $15) 51. Kf3 Rh2 52. Ra1 Kf5 53. Rb1 h4 {[%emt 0:01:47] [#] aiming for ...g4+.} 54. Rb5+ e5 {[%emt 0:03:23] Hoping for ...g4+.} 55. gxh4 gxh4 56. Rb4 h3 57. Rh4 Rh1 58. Kg3 Rg1+ 59. Kxh3 Rh1+ 60. Kg3 Rxh4 61. Kxh4 Kf4 {[%emt 0:00:02] Strongly threatening ...e4.} 62. Kh5 e4 {[%emt 0:00:12] White must now prevent ...Kf3.} 63. Kg6 Kf3 64. Kf5 Kxf2 65. Kxe4 {Weighted Error Value: White=0.07 (flawless) /Black=0.05 (flawless)} 1/2-1/2

[Event "93rd German Championship 2022"]
[Site "Magdeburg"]
[Date "2022.08.18"]
[Round "7.15"]
[White "Hourigan, Gerrit"]
[Black "Florstedt, Johannes"]
[Result "0-1"]
[ECO "B30"]
[WhiteElo "2306"]
[BlackElo "2368"]
[Annotator "TA"]
[PlyCount "166"]
[EventDate "2022.08.14"]
[EventType "swiss"]
[EventCountry "GER"]
[SourceTitle "playchess.com"]
[Source "ChessBase"]
[SourceQuality "1"]
[TimeControl "40/5400+30:1800+30"]

1. e4 c5 2. Nf3 Nc6 3. Nc3 g6 4. g3 Bg7 5. Bg2 d6 6. O-O e6 7. d3 Nge7 8. Bf4 e5 9. Be3 O-O 10. Nd2 Be6 {[%emt 0:00:58] [#] B26: Closed Sicilian: 3 g3, lines with early Be3.} 11. a3 $146 ({Predecessor:} 11. Nc4 a6 12. a4 Nd4 13. Bxd4 exd4 14. Nd5 Rb8 15. Nxe7+ Qxe7 16. Nb6 Rbe8 17. Qd2 h5 18. f4 {½-½ (36) Gonzalez Peguero,M (1666)-Barbier,A (1879) Chennai 2022}) 11... Qd7 12. Rb1 b6 {[%emt 0:01:27] Black has an edge.} 13. f4 exf4 14. Bxf4 Ne5 15. Nf3 Nxf3+ (15... Bg4 {keeps more tension.} 16. Qe2 Rae8 17. Rbe1 h6) 16. Qxf3 Rae8 17. Rfe1 (17. Rbe1 $11) 17... Nc6 18. Nd5 Bxd5 19. exd5 Rxe1+ 20. Rxe1 Ne5 21. Qf1 Qb5 (21... Qa4 $5 22. c3 Qc2 23. Bxe5 Bxe5 $15) 22. Bc1 h5 23. h3 h4 (23... f5 $15) 24. gxh4 $14 Qa4 25. Qf2 f5 26. Bf4 Bf6 27. Qg3 Kf7 28. h5 (28. Bxe5 Bxe5 29. Qg5 Qd4+ 30. Kh1 Rh8 $17) 28... gxh5 {[%emt 0:00:40] White must now prevent ...Rg8.} 29. b3 (29. Bxe5 Bxe5 30. Qg5 Qf4 31. Qxf4 Bxf4 $15) 29... Qd4+ 30. Qe3 $2 {[%emt 0:01:39] [#]} (30. Kh1 $11 {and White stays safe.}) 30... Ng6 (30... Nxd3 $1 $19 31. cxd3 Re8) 31. Bh6 $1 $15 ({Don't go for} 31. Bxd6 $2 Qxe3+ 32. Rxe3 Bd4 33. Bxf8 (33. Kf2 $2 Re8 $19) 33... Bxe3+ 34. Kf1 Kxf8 $19) 31... Re8 {[%emt 0:11:47] Chess con chili.} 32. Qxd4 Bxd4+ 33. Kf1 Rxe1+ 34. Kxe1 $11 {[%emt 0:02:03][%mdl 4096] Endgame KBB-KBN} Nh4 {[%emt 0:01:55] Against Bf3} 35. Bh1 Kf6 36. Ke2 Ke5 ({Black should play} 36... Be5 $11) 37. c3 Bg1 38. Bg5 (38. Bg7+ $14 {is more appropriate.} Kf4 39. Bf8) 38... Ng6 39. Kf3 {[%emt 0:01:27] Against Nf4. And now Kg2 would win.} Bh2 40. h4 (40. Ke3 $11 {feels stronger.} Bg1+ 41. Kf3) 40... Kxd5 $15 41. Ke3+ Ke6 42. Bf3 Bg3 43. Bxh5 {[%emt 0:01:28] [#]} Bxh4 $1 44. Bxg6 Bxg5+ $17 {[%emt 0:00:06] KB-KB} 45. Ke2 Bc1 46. a4 Kf6 47. Bh7 Bb2 48. c4 (48. Kd2 $17) 48... Bc3 (48... Ke5 $19 49. Bg6 Bc1) 49. Kf3 Ke5 50. Bg6 f4 51. Be4 Bb2 52. Bg6 Bc1 53. Be4 Kd4 54. Bg6 Be3 55. Bf5 Kc3 56. Ke4 Kxb3 57. Bd7 Kb4 58. Be8 Kc3 59. Bd7 $2 (59. Bg6 $17) 59... Bc1 $2 (59... Kd2 $19 {has better winning chances. ...Ke2 is the strong threat.} 60. Bg4 Kc3) 60. Bf5 Kb3 61. Bd7 Kc2 62. Bf5 Kd1 63. Kf3 Be3 64. Be4 Kd2 {[%emt 0:00:09] aiming for ...a5.} 65. Bf5 Kd1 ({Better is} 65... Kc3 $17 66. Ke4 Kb3) 66. Ke4 $2 {[%emt 0:00:55][%mdl 8192] [#] Black continues to play with concentration.} (66. Be4 $11) 66... Ke2 $1 $19 67. Bg4+ {[%emt 0:00:09] [#]} Kf2 $1 68. Bh5 $2 (68. Bd1 $17) 68... Kg3 {[%emt 0:00:07] Black is clearly winning.} 69. Bd1 Bd4 70. Be2 Bf6 71. Bd1 Bd8 72. Bh5 d5+ 73. cxd5 Bc7 74. Bd1 a6 75. d6 Bxd6 {[%emt 0:00:06] Threatens to win with ...b5.} 76. Kd5 Bc7 {[%emt 0:01:49] Hoping for ...f3.} 77. a5 b5 78. Kxc5 Bxa5 79. d4 f3 80. Kc6 f2 81. Be2 b4 82. Kb7 b3 83. Kxa6 Bd8 {[%emt 0:00:06] Weighted Error Value: White=0.28 (precise) /Black=0.22 (precise)} 0-1

[Event "93rd German Championship 2022"]
[Site "Magdeburg"]
[Date "2022.08.18"]
[Round "7.16"]
[White "Miller, Eduard"]
[Black "Cofmann, Veaceslav"]
[Result "1-0"]
[ECO "B01"]
[WhiteElo "2350"]
[BlackElo "2301"]
[Annotator "TA"]
[PlyCount "45"]
[EventDate "2022.08.14"]
[EventType "swiss"]
[EventCountry "GER"]
[SourceTitle "playchess.com"]
[Source "ChessBase"]
[SourceQuality "1"]
[TimeControl "40/5400+30:1800+30"]

1. e4 d5 2. exd5 Nf6 3. d4 Nxd5 4. c4 Nb6 5. Nf3 g6 6. Nc3 Bg7 7. c5 N6d7 {[%emt 0:01:01] B01: Scandinavian Defence.} 8. Bg5 O-O 9. Bc4 b6 ({Black should try} 9... h6 $14 10. Be3 Nc6) 10. O-O $16 {[%emt 0:09:56] White is much more active.} Bb7 11. Re1 {[%emt 0:01:18] [#]} Nc6 $146 {[%emt 0:01:46][%mdl 8192] [#]} (11... Bf6 $16) ({Predecessor:} 11... Nf6 12. Ne5 Nc6 13. Qa4 Nxe5 14. dxe5 Nd5 15. c6 Nxc3 16. bxc3 Qe8 17. Bb5 Bc8 {1-0 (30) Kadric,D (2491)-Marcetic,P (2311) Neum 2014}) 12. d5 $18 Nce5 {[%emt 0:01:33] White is clearly winning.} 13. c6 Nxf3+ 14. gxf3 Bxc6 15. Bxe7 Qc8 16. Bxf8 Qxf8 17. dxc6 Ne5 18. Bd5 Qb4 19. Re3 Qh4 20. Qa4 Qh5 21. Rae1 Rd8 22. Qf4 g5 23. Rxe5 {[%emt 0:00:10] Black got outplayed after the opening.  Weighted Error Value: White=0.24 (precise) /Black=0.73} 1-0